 Dungeon Crawl Stone Soup version 0.29-a0-384-g6960b1960d (webtiles) character file.

Game seed: 11926324574905212534

218786 pyrow613 the Executioner (level 18, 0/276 HPs)
             Began as a Minotaur Fighter on May 5, 2022.
             Was the Champion of Okawaru.
             Slain by a rockslime (18 damage)
             ... created by the Royal Jelly
             ... on level 5 of the Pits of Slime on May 6, 2022.
             The game lasted 02:49:39 (30019 turns).

pyrow613 the Executioner (Minotaur Fighter)        Turns: 30019, Time: 02:49:39

Health: 0/276      AC: 15    Str: 31    XL:     18   Next: 80%
Magic:  16/30      EV: 10    Int:  5    God:    Okawaru [******]
Gold:   2471       SH: 24    Dex: 12    Spells: 17/17 levels left

rFire   + + .      SeeInvis +   a - +14 obsidian axe {vorpal, Mesm Drain Fly SInv}
rCold   + . .      Faith    .   S - +2 tower shield {rC+}
rNeg    + . .      Spirit   .   W - +3 plate armour {rF+}
rPois   .          Reflect  .   F - +1 hat {Stlth+}
rElec   .          Harm     .   b - +2 cloak {rCorr}
rCorr   +          Rampage  .   d - +2 pair of gloves
Will    ++...                   h - +1 pair of boots "Haaxeroph" {rN+ MP+9}
Stlth   ..........              x - amulet of regeneration
HPRegen 1.36/turn               M - +6 ring of strength
MPRegen 0.22/turn               L - +4 ring of protection

@: mighty, berserking (expiring), heroic, marked, corroded, flying, mesmerised,
very quick
A: horns 2, retaliatory headbutt, deterioration 1, dopey 1, fire resistance 1,
low MP 1, strong-willed 1
a: Renounce Religion, Heroism, Finesse, Duel


You were on level 5 of the Pits of Slime.
You worshipped Okawaru.
Okawaru was exalted by your worship.
You visited 7 branches of the dungeon, and saw 36 of its levels.
You also visited: Ossuary, Bailey, Ice Cave and Volcano.

You collected 3424 gold pieces.
You spent 953 gold pieces at shops.

Inventory:

Hand Weapons
 a - the +14 obsidian axe (weapon) {vorpal, Mesm Drain Fly SInv}
   (You acquired it on level 5 of the Dungeon)

   It inflicts extra damage upon your enemies.
   It occasionally summons demons to assist the wielder when it strikes in
   combat.
   Its wielder is mesmerised by any visible foes.
   It cannot be unequipped while any foes are visible.
   SInv:      It lets you see invisible.
   Fly:       It grants you flight.
   Drain:     It drains your maximum health when unequipped.
Missiles
 u - 38 poisoned darts
 K - 6 silver javelins
 R - 34 javelins (quivered)
 T - 4 silver boomerangs
Armour
 b - a +2 cloak of preservation (worn)
 d - a +2 pair of gloves (worn)
 h - the +1 pair of boots "Haaxeroph" (worn) {rN+ MP+9}
   (You acquired it on level 5 of the Lair of Beasts)

   rN:        It protects you from negative energy.
   MP:        It affects your magic capacity (+9).
 q - the +5 kite shield of Ruq Jiuhauh {rF- rC+ Str+3 Int+4}
   (You took it off Asterion on level 2 of the Snake Pit)

   Str:       It affects your strength (+3).
   Int:       It affects your intelligence (+4).
   rF:        It makes you vulnerable to fire.
   rC:        It protects you from cold.
 A - a scarf of invisibility
 D - a scarf of resistance
 F - a +1 hat of stealth (worn)
 S - a +2 tower shield of cold resistance (worn)
 W - a +3 plate armour of fire resistance (worn)
Jewellery
 x - an amulet of regeneration (around neck)
 B - a ring of positive energy
 I - a ring of protection from fire
 L - a +4 ring of protection (right hand)
 M - a +6 ring of strength (left hand)
 N - a ring of resist corrosion
 Y - a ring of poison resistance
Wands
 c - a wand of acid (8)
 s - a wand of iceblast (36)
 y - a wand of flame (36)
 H - a wand of mindburst (12)
 J - a wand of paralysis (30)
Scrolls
 n - a scroll of fog
 o - 10 scrolls of teleportation
 z - 6 scrolls of fear
 E - a scroll of enchant armour
 O - 4 scrolls of silence
 P - 4 scrolls of blinking
 Q - 3 scrolls of poison
 V - a scroll of summoning
 X - 3 scrolls of enchant weapon
Potions
 e - 2 potions of invisibility
 f - 7 potions of haste
 i - 5 potions of brilliance
 j - 12 potions of curing
 l - 2 potions of ambrosia
 m - 2 potions of heal wounds
 p - a potion of cancellation
 r - 5 potions of magic
 t - 4 potions of mutation
 v - 6 potions of resistance
 G - 4 potions of might
 U - 5 potions of berserk rage
Miscellaneous
 k - a phial of floods


   Skills:
 * Level 21.9(26.9) Fighting
 + Level 22.8(27) Axes
 - Level 6.6(11.6) Throwing
 + Level 17.0(22.0) Armour
 + Level 17.0(22.0) Shields
 - Level 9.1 Invocations


You had 17 spell levels left.
You didn't know any spells.
Your spell library contained the following spells:

 Spells                   Type           Power      Damage    Failure   Level
 Magic Dart               Conj           0%         1d3       97%         1
 Sandblast                Erth           0%         2d4       97%         1
 Sting                    Tmut/Pois      0%         1d3       97%         1
 Corpse Rot               Necr/Air       0%         N/A       99%         2
 Ensorcelled Hibernation  Hex/Ice        0%         N/A       99%         2
 Passwall                 Tmut/Erth      0%         N/A       99%         2
 Poisonous Vapours        Pois/Air       0%         N/A       99%         2
 Scorch                   Fire           0%         2d5       99%         2
 Static Discharge         Conj/Air       0%         N/A       99%         2
 Ignite Poison            Fire/Tmut/Pois 0%         N/A       100%        3
 Mephitic Cloud           Conj/Pois/Air  0%         N/A       100%        3
 Ozocubu's Armour         Ice            0%         N/A       100%        3
 Stone Arrow              Conj/Erth      0%         3d7       100%        3
 Swiftness                Air            0%         N/A       100%        3
 Dispel Undead            Necr           0%         3d6       100%        4
 Flame Wave               Conj/Fire      0%         2d4       100%        4
 Ice Form                 Ice/Tmut       0%         N/A       100%        4
 Olgreb's Toxic Radiance  Pois           0%         N/A       100%        4
 Passage of Golubria      Tloc           0%         N/A       100%        4
 Petrify                  Tmut/Erth      0%         N/A       100%        4
 Freezing Cloud           Conj/Ice/Air   0%         6-21      100%        5
 Lightning Bolt           Conj/Air       0%         1d11      100%        5
 Metabolic Englaciation   Hex/Ice        0%         N/A       100%        5
 Yara's Violent Unravell  Hex/Tmut       0%         3d3       100%        5
 Statue Form              Tmut/Erth      0%         N/A       100%        6
 Lehudib's Crystal Spear  Conj/Erth      0%         10d2      100%        8
 Maxwell's Capacitive Co  Air            0%         ∞         100%        8
 Polar Vortex             Ice            0%         N/A       100%        9
 Call Imp                 Summ           Unusable   N/A       N/A         2
 Tukima's Dance           Hex            Unusable   N/A       N/A         3
 Animate Armour           Summ/Erth      Unusable   N/A       N/A         4
 Summon Ice Beast         Ice/Summ       Unusable   N/A       N/A         4
 Death Channel            Necr           Unusable   N/A       N/A         6
 Simulacrum               Ice/Necr       Unusable   N/A       N/A         6
 Summon Cactus Giant      Summ           Unusable   N/A       N/A         6

Dungeon Overview and Level Annotations

Branches:
Dungeon (15/15)            Temple (1/1) D:7            Lair (6/6) D:10
  Swamp (4/4) Lair:4        Snake (3/4) Lair:2        Slime (5/5) Lair:5
    Orc (2/2) D:12            Elf (0/3) Orc:2        Vaults (0/5) D:13
 Depths (0/4) D:15        Ossuary (visited)          Bailey (visited)
  IceCv (visited)         Volcano (visited)

Altars:
Cheibriados
Elyvilon
Fedhas
Gozag
Hepliaklqana
Makhleb
Nemelex Xobeh
Okawaru
Ru
Sif Muna
Trog
Uskayaw
Vehumet
Wu Jian
Xom
Yredelemnul
Zin
The Shining One
Beogh
Jiyva

Shops:
D:8 ?   D:9 =   Orc:2 [([![

Portals:
Trove: D:15 (give horn of Geryon)

Annotations:
Swamp:1 1 runed translucent door, chopper's ghost, adept MiFi
Slime:5 Royal Jelly


Innate Abilities, Weirdness & Mutations

You have a pair of horns on your head.
You reflexively headbutt those who attack you in melee.
Your body sometimes deteriorates upon taking damage.
You are dopey. (Int -2)
Your flesh is heat resistant. (rF+)
Your magical capacity is low. (-10% MP)
You are strong-willed. (Will+)


Message History

You kill the acid blob!
That felt strangely unrewarding.
You hit the rockslime. You slash the acid blob!
Your hands burn!
* * * LOW HITPOINT WARNING * * *
You barely miss the acid blob. You slice the quicksilver ooze!!
The acid blob hits you!
* * * LOW HITPOINT WARNING * * *
You are splashed with acid.
You resist.
* * * LOW HITPOINT WARNING * * *
You block the rockslime's attack. You block the acid blob's attack.
You barely miss the Royal Jelly.
You headbutt the Royal Jelly, but do no damage.
The Royal Jelly is heavily wounded.
You hit the rockslime but do no damage. You slice the acid blob!!
Your hands burn!
* * * LOW HITPOINT WARNING * * *
You slash the acid blob!
Your hands burn!
* * * LOW HITPOINT WARNING * * *
You hit the azure jelly. You slice the rockslime!!
Visions of slaying the rockslime flood into your mind.
You block the Royal Jelly's attack. x2; The acid blob hits you!!
* * * LOW HITPOINT WARNING * * *
You are splashed with acid.
You resist.
* * * LOW HITPOINT WARNING * * *
You slash the Royal Jelly!
Your hands burn!
* * * LOW HITPOINT WARNING * * *
The Royal Jelly is heavily wounded.
You hit the rockslime but do no damage. You slash the azure jelly!
You hit the acid blob.
Your hands burn!
* * * LOW HITPOINT WARNING * * *
You hit the eye of devastation but do no damage.
You hit the acid blob.
Your hands burn!
* * * LOW HITPOINT WARNING * * *
You slash the rockslime!
The Royal Jelly shudders vigorously.
The Royal Jelly spits out two more jellies.
Visions of slaying the eye of devastation flood into your mind.
You block the azure jelly's attack.
The azure jelly hits you but does no damage.
You block the azure jelly's attack. x2; The rockslime hits you!!
You die...

..... ...... #
...... #.
#####......
##.#####..........
#.................
#.......J<.......
#.....GJJJ.......
#....J@JJ.......
#......JJJJG......
#........J........
##............G...
..................
#...........G......
#.................
..................
...............


You could see the Royal Jelly, 5 acid blobs, 2 azure jellies, 3 rockslimes, 4
eyes of devastation and a quicksilver ooze.

Vanquished Creatures
  A shard shrike (IceCv)
  The ghost of Gygal Fez the Peltast, an adept MiFi of Okawaru (Snake:2)
  Mlioglotl (Snake:1)
  Rupert (D:13)
  Asterion (Snake:2)
  11 acid blobs
  Gastronok (D:8)
  A thorn hunter (Swamp:3)
  5 azure jellies
  4 rockslimes
  A nagaraja (Snake:2)
  An orc warlord (Orc:2)
  Aizul (Snake:2)
  Louise (Snake:1)
  7 quicksilver oozes
  A very ugly thing (Snake:2)
  An eleionoma (Swamp:4)
  3 bunyips
  A white draconian (IceCv)
  2 ettins
  Fannar (D:10)
  A shambling mangrove (Swamp:4)
  4 boulder beetles
  29 hydras
  A ghost crab (Swamp:4)
  4 anacondas
  An ogre mage (D:15)
  4 ironbound frosthearts (IceCv)
  8 two-headed ogres
  8 centaur warriors
  3 alligators
  8 naga warriors
  3 death yaks (Lair:4)
  3 tengu warriors
  Urug (D:13)
  6 naga sharpshooters
  4 spriggan berserkers (Swamp:4)
  A shock serpent (Snake:2)
  An orc high priest (Orc:2)
  Nergalle (D:10)
  A fire crab (D:12)
  Amaemon (D:9)
  3 salamander mystics
  13 swamp dragons
  3 spriggan druids
  4 skeletal warriors
  5 goliath frogs
  2 deep trolls (D:15)
  3 bog bodies (Swamp:4)
  3 lindwurms
  An orange crystal statue (IceCv)
  2 naga ritualists
  3 deep elf pyromancers
  A necromancer (D:15)
  3 orc knights
  8 mana vipers
  37 ugly things
  A wolf spider (D:12)
  Pikel (D:6)
  2 will-o-the-wisps
  5 orc sorcerers
  14 salamanders
  2 shining eyes
  7 cyclopes
  5 manticores
  12 elephants
  A toenail golem (Volcano)
  19 black mambas
  Maurice (D:8)
  6 naga magi
  2 molten gargoyles (Volcano)
  3 eyes of devastation
  13 cane toads
  A gargoyle (D:13)
  2 guardian serpents (Snake:2)
  Psyche (D:9)
  20 rime drakes (IceCv)
  2 unseen horrors (D:11)
  An orange demon (D:9)
  A torpor snail (Lair:6)
  Maggie (D:8)
  11 komodo dragons
  A yaktaur (D:15)
  A freezing wraith (D:15)
  2 kobold demonologists (D:11)
  3 efreet (Volcano)
  2 tengu conjurers
  3 meliai (D:15)
  6 trolls
  15 hornets
  18 polar bears
  4 tyrant leeches
  Prince Ribbit (D:8)
  20 dream sheep
  54 slime creatures
  14 blink frogs
  28 spriggans
  4 wraiths
  67 yaks
  2 shadows
  4 fire elementals (Volcano)
  2 wyverns
  3 vampires
  2 basilisks
  Grum (D:8)
  A golden eye (shapeshifter) (D:12)
  20 humans
  9 golden eyes (Slime:3)
  8 vampire mosquitoes
  Menkaure (D:5)
  5 steam dragons
  14 swamp worms
  6 wargs
  32 nagas
  18 water moccasins
  A floating eye (Slime:5)
  5 swamp drakes
  An ice beast (D:6)
  38 orc warriors
  3 boggarts (Lair:6)
  7 black bears
  11 ogres
  27 wolves
  4 centaurs
  A phantom (D:5)
  2 lemures (D:6)
  3 kobold brigands
  12 bullfrogs
  3 earth elementals (Volcano)
  2 necrophages
  2 scorpions
  5 wights (D:7)
  5 howler monkeys
  An electric eel (Lair:1)
  3 hounds
  A human zombie (Ossuary)
  3 jellies
  21 orc priests
  An iguana (D:4)
  27 orc wizards
  2 mummies (Ossuary)
  7 adders
  11 gnolls
  A shadow imp (D:5)
  2 white imps
  2 adder zombies (Ossuary)
  A worm (D:4)
  2 dart slugs
  91 orcs
  8 endoplasms
  2 giant cockroaches
  12 goblins
  6 hobgoblins
  2 jackals (D:2)
  21 kobolds
  5 quokkas
  12 ball pythons
  6 bats
  6 frilled lizards
  2 goblin zombies (Ossuary)
  10 hobgoblin zombies (Ossuary)
  A jackal zombie (Ossuary)
  9 kobold zombies (Ossuary)
  6 orc zombies (Ossuary)
  8 rats
  5 bushes (D:15)
  3 fire vortices (Volcano)
1168 creatures vanquished.

Vanquished Creatures (collateral kills)
  A phantom (D:6)
  A centaur zombie (Ossuary)
  An ufetubus (D:5)
  2 adder zombies (Ossuary)
  A goblin zombie (Ossuary)
  A hobgoblin zombie (Ossuary)
  A kobold zombie (Ossuary)
8 creatures vanquished.

Vanquished Creatures (others)
  An orc (Orc:2)
  6 foxfires
  29 fungi
  43 plants
79 creatures vanquished.

Grand Total: 1255 creatures vanquished

Notes
Turn   | Place    | Note
-------+----------+-------------------------------------------
     0 | D:1      | pyrow613 the Minotaur Fighter began the quest for the Orb.
     0 | D:1      | Reached XP level 1. HP: 19/19 MP: 0/0
   181 | D:1      | Reached skill level 3 in Axes
   308 | D:1      | Reached XP level 2. HP: 21/27 MP: 1/1
   923 | D:1      | Reached XP level 3. HP: 33/33 MP: 2/2
  1200 | D:1      | Reached skill level 4 in Axes
  1609 | D:2      | You fall into a shaft and drop 2 floors!
  1638 | D:3      | Reached XP level 4. HP: 40/41 MP: 3/3
  2248 | D:2      | Reached skill level 5 in Axes
  2877 | D:3      | Reached XP level 5. HP: 47/47 MP: 4/4
  3072 | D:3      | Found a radiant altar of Vehumet.
  3138 | D:4      | Reached skill level 5 in Fighting
  3169 | D:4      | Noticed an ogre
  3182 | D:4      | Killed an ogre
  3183 | D:4      | Reached skill level 6 in Axes
  3482 | D:4      | Reached XP level 6. HP: 56/56 MP: 5/5
  4326 | D:5      | Entered Level 5 of the Dungeon
  4337 | D:5      | Reached skill level 7 in Axes
  4340 | D:5      | Identified a scroll of acquirement
  4340 | D:5      | Acquired the +14 obsidian axe {vorpal, Mesm Drain Fly SInv}
  4340 | D:5      | Found the +14 obsidian axe {vorpal, Mesm Drain Fly SInv}
  4416 | D:5      | Reached XP level 7. HP: 54/63 MP: 6/6
  4500 | D:5      | Reached skill level 8 in Axes
  4601 | D:5      | Found a sand-covered staircase.
  4623 | Ossuary  | Entered an ossuary
  4848 | D:5      | Noticed Menkaure
  4853 | D:5      | Killed Menkaure
  4854 | D:5      | Reached skill level 9 in Axes
  5007 | D:5      | Reached XP level 8. HP: 59/73 MP: 7/7
  5342 | D:6      | Reached skill level 10 in Axes
  5609 | D:6      | Noticed Pikel
  5616 | D:6      | Killed Pikel
  5617 | D:6      | Reached skill level 11 in Axes
  5622 | D:6      | Reached XP level 9. HP: 82/82 MP: 8/8
  5699 | D:6      | Reached skill level 12 in Axes
  6020 | D:7      | Found a staircase to the Ecumenical Temple.
  6025 | D:7      | Reached skill level 13 in Axes
  6033 | Temple   | Entered the Ecumenical Temple
  6207 | Temple   | Became a worshipper of Warmaster Okawaru
  6336 | D:7      | Reached skill level 10 in Fighting
  6439 | D:7      | Reached * piety under Okawaru
  6446 | D:7      | Reached skill level 14 in Axes
  6446 | D:7      | Reached XP level 10. HP: 88/94 MP: 9/9
  6680 | D:7      | Reached ** piety under Okawaru
  7009 | D:8      | Noticed Grum
  7016 | D:8      | Killed Grum
  7072 | D:8      | Noticed Maggie
  7080 | D:8      | Killed Maggie
  7112 | D:8      | Noticed Maurice
  7115 | D:8      | Noticed Prince Ribbit
  7121 | D:8      | Killed Prince Ribbit
  7122 | D:8      | Reached skill level 15 in Axes
  7127 | D:8      | Killed Maurice
  7185 | D:8      | Noticed a deep elf pyromancer
  7194 | D:8      | Killed a deep elf pyromancer
  7199 | D:8      | Found a flagged portal.
  7208 | Bailey   | Entered a bailey
  7232 | Bailey   | Reached *** piety under Okawaru
  7269 | Bailey   | Reached skill level 16 in Axes
  7329 | Bailey   | Noticed a two-headed ogre
  7338 | Bailey   | Killed a two-headed ogre
  7339 | Bailey   | Reached XP level 11. HP: 81/104 MP: 7/10
  7397 | Bailey   | Reached **** piety under Okawaru
  7620 | D:8      | Noticed Gastronok
  7630 | D:8      | Killed Gastronok
  7663 | D:8      | Found Uddeheugro's Magic Scroll Boutique.
  7946 | D:8      | Reached skill level 17 in Axes
  7992 | D:9      | Noticed a centaur warrior
  8001 | D:9      | Killed a centaur warrior
  8101 | D:9      | Reached ***** piety under Okawaru
  8286 | D:9      | Noticed Psyche
  8293 | D:9      | Killed Psyche
  8318 | D:9      | Reached skill level 18 in Axes
  8320 | D:9      | Received a gift from Okawaru
  8405 | D:9      | Found Till's Jewellery Shop.
  8413 | D:9      | Bought a +4 ring of protection for 468 gold pieces
  8439 | D:9      | Noticed Amaemon
  8453 | D:9      | Killed Amaemon
  8581 | D:10     | Entered Level 10 of the Dungeon
  8836 | D:10     | Found a staircase to the Lair.
  8876 | D:10     | Reached skill level 1 in Invocations
  8876 | D:10     | Reached XP level 12. HP: 116/116 MP: 11/11
  8886 | D:10     | Identified the -1 cloak of the Lost Interlopers {Harm
                  | Will+} (Okawaru gifted it to you on level 10 of the
                  | Dungeon)
  8886 | D:10     | Received a gift from Okawaru
  8947 | D:10     | Noticed Nergalle
  8963 | D:10     | Killed Nergalle
  9365 | D:10     | Noticed Fannar
  9379 | D:10     | Killed Fannar
  9380 | D:10     | Reached skill level 5 in Armour
  9380 | D:10     | Reached skill level 5 in Shields
  9677 | D:11     | Noticed a two-headed ogre
  9685 | D:11     | Killed a two-headed ogre
 10372 | D:12     | Found a staircase to the Orcish Mines.
 10399 | D:12     | Noticed a six-headed hydra
 10413 | D:12     | Killed a seven-headed hydra
 10430 | D:12     | Noticed a boulder beetle
 10430 | D:12     | Noticed a centaur warrior
 10433 | D:12     | Noticed a centaur warrior
 10433 | D:12     | Noticed a centaur warrior
 10433 | D:12     | Noticed a centaur warrior
 10444 | D:12     | Killed a centaur warrior
 10455 | D:12     | Killed a centaur warrior
 10463 | D:12     | Killed a centaur warrior
 10463 | D:12     | Reached ****** piety under Okawaru
 10465 | D:12     | Killed a centaur warrior
 10465 | D:12     | Received a gift from Okawaru
 10466 | D:12     | Reached skill level 15 in Fighting
 10466 | D:12     | Noticed a boulder beetle
 10468 | D:12     | Reached skill level 5 in Invocations
 10468 | D:12     | Reached XP level 13. HP: 37/126 MP: 15/15
 10477 | D:12     | Reached skill level 19 in Axes
 10885 | D:12     | Received a gift from Okawaru
 11480 | Orc:1    | Entered Level 1 of the Orcish Mines
 11480 | Orc:1    | Noticed an ettin
 11487 | Orc:1    | Killed an ettin
 12068 | Orc:2    | Entered Level 2 of the Orcish Mines
 12161 | Orc:2    | Found a staircase to the Elven Halls.
 12275 | Orc:2    | Noticed an orc warlord
 12295 | Orc:2    | Killed an orc warlord
 12295 | Orc:2    | Received a gift from Okawaru
 12299 | Orc:2    | Found Ruceny's Armour Shoppe.
 12319 | Orc:2    | Bought a +1 pair of boots for 172 gold pieces
 12547 | Orc:2    | Found Laytiwiu's Armour Shop.
 12615 | Orc:2    | Found Nyomm's Distillery.
 12942 | Orc:2    | Found Yted's Antique Weapon Boutique.
 12949 | Orc:2    | Found Iroceh's Antique Armour Shop.
 12950 | Orc:2    | Upgraded the game from 0.29-a0-380-gf50f0a9fbc to
                  | 0.29-a0-384-g6960b1960d
 12964 | Orc:2    | Bought a jewelled chain mail for 313 gold pieces
 12964 | Orc:2    | Identified the +0 chain mail "Paecob" {Will+} (You bought
                  | it in a shop on level 2 of the Orcish Mines)
 13139 | D:13     | Noticed Urug
 13139 | D:13     | Noticed Rupert
 13139 | D:13     | Found a gate to the Vaults.
 13217 | D:13     | Received a gift from Okawaru
 13219 | D:13     | Killed Rupert
 13220 | D:13     | Reached XP level 14. HP: 127/137 MP: 9/18
 13220 | D:13     | Killed Urug
 13225 | D:13     | Reached skill level 1 in Throwing
 13358 | D:13     | Reached skill level 10 in Armour
 13466 | D:13     | Reached skill level 10 in Shields
 13759 | D:13     | Identified the +1 robe of Focus {rF+ rC+}
 13940 | D:13     | Received a gift from Okawaru
 14138 | Lair:1   | Entered Level 1 of the Lair of Beasts
 14970 | Lair:2   | Found a staircase to the Snake Pit.
 15083 | Lair:2   | Found a dark tunnel.
 15091 | Volcano  | Entered a volcano
 15418 | Volcano  | Identified the +6 broad axe of Ointment {vorpal, rF- Will+
                  | Int+10 Dex-4} (Okawaru gifted it to you in a volcano)
 15418 | Volcano  | Received a gift from Okawaru
 16694 | Lair:3   | Gained mutation: Your magical capacity is low. (-10% MP)
                  | [potion of mutation]
 16694 | Lair:3   | Gained mutation: Your mind is acute. (Int +2) [potion of
                  | mutation]
 16694 | Lair:3   | Gained mutation: You are agile. (Dex +2) [potion of
                  | mutation]
 16695 | Lair:3   | Lost mutation: Your magical capacity is low. (-10% MP)
                  | [potion of mutation]
 16695 | Lair:3   | Lost mutation: You are agile. (Dex +2) [potion of mutation]
 16695 | Lair:3   | Lost mutation: Your mind is acute. (Int +2) [potion of
                  | mutation]
 16695 | Lair:3   | Gained mutation: You have a pair of large horns on your
                  | head. [potion of mutation]
 16697 | Lair:3   | Lost mutation: You have a pair of large horns on your head.
                  | [potion of mutation]
 16697 | Lair:3   | Gained mutation: You are somewhat resistant to further
                  | mutation. [potion of mutation]
 16705 | Lair:3   | Lost mutation: You are somewhat resistant to further
                  | mutation. [potion of mutation]
 16705 | Lair:3   | Gained mutation: You have sharp toenails. [potion of
                  | mutation]
 16705 | Lair:3   | Gained mutation: You are dopey. (Int -2) [potion of
                  | mutation]
 16705 | Lair:3   | Gained mutation: You are strong-willed. (Will+) [potion of
                  | mutation]
 17068 | Lair:4   | Received a gift from Okawaru
 17102 | Lair:4   | Reached XP level 15. HP: 124/147 MP: 19/19
 17781 | Lair:4   | Found a staircase to the Swamp.
 18440 | Lair:5   | Found a viscous altar of Jiyva.
 18440 | Lair:5   | Found a staircase to the Slime Pits.
 18559 | Lair:5   | Acquired the +1 pair of boots "Haaxeroph" {rN+ MP+9}
 18752 | Lair:6   | Entered Level 6 of the Lair of Beasts
 18988 | Lair:6   | Received a gift from Okawaru
 18988 | Lair:6   | Found the +9 heavy crossbow "Sniper" {vorpal, Acc+∞ SInv}
 18989 | Lair:6   | Reached skill level 20 in Axes
 19665 | Lair:6   | Received a gift from Okawaru
 19997 | Swamp:1  | Entered Level 1 of the Swamp
 20112 | Swamp:1  | Found a runed translucent door.
 20117 | Swamp:1  | Noticed chopper's ghost (adept MiFi)
 20120 | Swamp:1  | Identified the +8 trident "Titiph" {vorpal, rC+ Int+4}
 20139 | Swamp:1  | Paralysed by a hornet for 1 turns
 20346 | Swamp:1  | Identified the +5 war axe "Ruaxef" {vorpal, Str+4}
 21572 | Swamp:3  | Noticed a thorn hunter
 21584 | Swamp:3  | Killed a thorn hunter
 21604 | Swamp:3  | Reached XP level 16. HP: 81/158 MP: 21/21
 21768 | Swamp:3  | Identified the +3 scimitar "Jaotes" {flame, rC+}
 21871 | Swamp:4  | Entered Level 4 of the Swamp
 21994 | Swamp:4  | Received a gift from Okawaru
 22558 | Swamp:4  | Received a gift from Okawaru
 22559 | Swamp:4  | Reached skill level 21 in Axes
 22745 | Swamp:4  | Paralysed by a hornet for 1 turns
 22875 | Swamp:4  | Reached skill level 5 in Throwing
 22919 | Swamp:4  | Identified the +0 pair of gloves of the Eight Blessings
                  | {Rampage} (Okawaru gifted it to you on level 4 of the
                  | Swamp)
 22919 | Swamp:4  | Received a gift from Okawaru
 23163 | Snake:1  | Entered Level 1 of the Snake Pit
 23202 | Snake:1  | Noticed Louise
 23211 | Snake:1  | Killed Louise
 23436 | Snake:1  | Noticed Mlioglotl
 23450 | Snake:1  | Killed Mlioglotl
 23824 | Snake:2  | Found a frozen archway.
 23825 | Snake:2  | Identified the +5 kite shield of Ruq Jiuhauh {rF- rC+ Str+3
                  | Int+4}
 23825 | Snake:2  | Noticed Asterion
 23850 | Snake:2  | Reached XP level 17. HP: 168/168 MP: 22/22
 23852 | Snake:2  | Killed Asterion
 23901 | IceCv    | Entered an ice cave
 24126 | IceCv    | Received a gift from Okawaru
 24221 | IceCv    | Reached skill level 15 in Armour
 24221 | IceCv    | Reached skill level 15 in Shields
 24251 | IceCv    | Received a gift from Okawaru
 24310 | IceCv    | Noticed a shard shrike
 24322 | IceCv    | Killed a shard shrike
 24322 | IceCv    | Received a gift from Okawaru
 24340 | IceCv    | Got the Guide on the Frostbite
 24496 | Snake:2  | Found a large runed translucent door.
 24497 | Snake:2  | Found a large runed translucent door.
 24499 | Snake:2  | Noticed Gygal Fez's ghost (adept MiFi)
 24604 | Snake:2  | Killed Gygal Fez's ghost
 24767 | Snake:2  | Noticed Aizul
 24784 | Snake:2  | Killed Aizul
 24784 | Snake:2  | Received a gift from Okawaru
 24980 | Snake:2  | Reached skill level 22 in Axes
 25234 | Snake:2  | Identified the +6 battleaxe "Hydraslayer" {flame, *Slow
                  | Will+++ Int-5 Dex+5} (Okawaru gifted it to you on level 2
                  | of the Snake Pit)
 25234 | Snake:2  | Received a gift from Okawaru
 26206 | D:14     | Received a gift from Okawaru
 26252 | D:14     | Reached XP level 18. HP: 173/180 MP: 23/23
 26508 | D:14     | Identified the -2 buckler of Tenacity {Will+}
 26679 | D:15     | Entered Level 15 of the Dungeon
 27153 | D:15     | Found a portal to a secret trove of treasure.
 27490 | D:15     | Found a staircase to the Depths.
 28021 | Slime:1  | Entered Level 1 of the Pits of Slime
 28208 | Slime:1  | Gained mutation: You occasionally shout uncontrollably at
                  | your foes. [a shining eye]
 28210 | Slime:1  | Gained mutation: Your body sometimes deteriorates upon
                  | taking damage. [a shining eye]
 28211 | Slime:1  | Gained mutation: Your magical capacity is low. (-10% MP) [a
                  | shining eye]
 28213 | Slime:1  | Lost mutation: You have sharp toenails. [potion of
                  | mutation]
 28213 | Slime:1  | Lost mutation: You occasionally shout uncontrollably at
                  | your foes. [potion of mutation]
 28213 | Slime:1  | Gained mutation: Your flesh is heat resistant. (rF+)
                  | [potion of mutation]
 29184 | Slime:4  | Identified the +6 war axe of the Eggplant {holy, Stlth+}
                  | (Okawaru gifted it to you on level 4 of the Pits of Slime)
 29184 | Slime:4  | Received a gift from Okawaru
 29971 | Slime:5  | Entered Level 5 of the Pits of Slime
 29988 | Slime:5  | Noticed the Royal Jelly
 30010 | Slime:5  | Received a gift from Okawaru
 30019 | Slime:5  | Slain by a rockslime

Illustrated notes

Levels and vault maps discovered:
D:1:      eino_arrival_tree_alley, layout_basic
D:2:      layout_loops_corners
D:3:      layout_loops_ring, general_overflow_altar, serial_bayou_pond_d,
          minmay_misc_feat_chi
D:4:      layout_loops_ring
D:5:      layout_cave_pools, serial_park, serial_park_avenue1,
          serial_park_tiny_2, serial_park_gazebo [serial_park_minivault_5x5_8],
          nicolae_ossuary_entry_false_entrances, grunt_ministairs_1,
          chequers_serial_rivers_micro_c, uniq_menkaure
D:6:      layout_loops_ring, minmay_ruffians, uniq_pikel
D:7:      layout_layer_cave, minmay_temple_entry_butterflies
D:8:      layout_basic, serial_shops, shop, enter_bailey_3, solitary_fountain,
          uniq_maurice, uniq_maggie, uniq_gastronok, uniq_grum,
          uniq_prince_ribbit1
D:9:      layout_cave_pools, serial_shops, shop, uniq_psyche, uniq_amaemon
D:10:     layout_loops_corners, erik_lair_orcish_takeover, uniq_fannar,
          uniq_nergalle
D:11:     layout_irregular_city
D:12:     minmay_the_grid_net [minmay_the_grid_box_x, minmay_the_grid_large_cup,
          minmay_the_grid_garden, minmay_the_grid_expand,
          minmay_the_grid_dragon_b, minmay_the_grid_prize_four_corners],
          layout_gridville
D:13:     layout_gridville, david_vaults_3, minmay_fractal_squares_gapless_5
D:14:     layout_small_grid, kennysheep_path_1, kennysheep_decorative_pillar
D:15:     hangedman_depths_entry_civil_slaughter, layout_basic,
          minmay_hedge_maze, enter_trove_3, drop_trap
Temple:   mainiacjoe_temple_starburst
Lair:1:   layout_regular_city, serial_bayou_pond_a,
          nicolae_quartered_pool_little
Lair:2:   layout_cave_pods, guppyfry_snake_entry_garden,
          nicolae_volcano_entry_hallway, grunt_megastairs_4
Lair:3:   layout_long_grid
Lair:4:   beast_lair_carwin_large_2, layout_layer_cave,
          minmay_swamp_entry_worms, serial_bayou_pond_a, grunt_megastairs_3
Lair:5:   layout_roguey, dpeg_slime_entry_enclosed_altar,
          amcnicky_mini_pool_medium, uniq_urug
Lair:6:   minmay_lair_end_enchanted_forest, layout_gridlike, lemuel_fruit_fields
Swamp:1:  layout_basic_swamp, ebering_ghost_funeral_grove,
          evilmike_swamp_ruin_house_4, infiniplex_staircase_pool_2
Swamp:2:  layout_basic_swamp, nicolae_swamp_very_dense_foliage, swamp_pool4
Swamp:3:  layout_basic_swamp, evilmike_swamp_ruin_house_1
Swamp:4:  swamp_basic_johnstein, layout_basic_swamp, swamp_pool1,
          infiniplex_staircase_pool
Snake:1:  layout_rooms, uniq_louise, uniq_mlioglotl
Snake:2:  layout_cave_town, portal_ice_cave_entry_ugly_swarm,
          ebering_ghost_disaster_area, grunt_ministairs_14, serial_bayou_pond_e,
          nicolae_snake_gridmaze_zigzag, uniq_aizul, uniq_asterion
Snake:3:  layout_cave_town, serial_shops, shop, drop_trap, grunt_megastairs_1,
          uniq_roxanne
Slime:1:  layout_caves
Slime:2:  layout_caves
Slime:3:  layout_caves
Slime:4:  layout_caves, nicolae_slime_phagocytosis
Slime:5
Orc:1:    nicolae_orc_accident_3, layout_diamond_mine, nicolae_orc_stony_grotto
Orc:2:    grunt_orc_community_town_hall, layout_diamond_mine,
          grunt_orc_community_big_house_2, grunt_orc_community_big_house_2,
          grunt_orc_community_house_2, grunt_orc_community_house_1,
          grunt_orc_community_house_1, grunt_orc_community_house_3,
          grunt_orc_community_house_3, grunt_orc_community_house_3,
          serial_shops, shop

Skill      XL: |  1  2  3  4  5  6  7  8  9 10 11 12 13 14 15 16 17 18 |
---------------+-------------------------------------------------------+-----
Axes           | 3 4 5 6 7 9 11 14 16 18 19 20 21 22 | 22.8
Fighting       | 4 5 6 7 8 10 12 13 15 16 17 18 19 20 21 | 21.9
Invocations    | 1 5 6 7 8 9 |  9.1
Armour         | 7 9 11 13 14 16 17 | 17.0
Shields        | 7 9 11 13 14 16 17 | 17.0
Throwing       | 3 4 5 6 |  6.6

Action                   |  1- 3 |  4- 6 |  7- 9 | 10-12 | 13-15 | 16-18 || total
-------------------------+-------+-------+-------+-------+-------+-------++-------
Melee: War axe           |    92 |    80 |       |       |       |       ||   172
       Headbutt          |     8 |    13 |    12 |    50 |   154 |   228 ||   465
       Broad axe         |       |     8 |   128 |   301 |   867 |   915 ||  2219
 Fire: Hunting sling     |     1 |       |       |       |       |       ||     1
Throw: Dart              |       |     6 |       |    13 |     2 |     2 ||    23
       Javelin           |       |       |       |     7 |    60 |    70 ||   137
Invok: Heroism           |       |       |       |     8 |    12 |    13 ||    33
       Finesse           |       |       |       |       |     5 |    13 ||    18
Evoke: Wand              |       |       |       |    14 |     8 |    49 ||    71
  Use: Scroll            |       |     7 |     3 |     5 |    15 |     7 ||    37
       Potion            |       |     1 |       |     1 |    10 |    10 ||    22
 Stab: Distracted        |       |       |     1 |       |       |     1 ||     2
       Invisible         |       |       |       |       |     2 |       ||     2
Armor: Scale mail        |    46 |    49 |     1 |       |       |       ||    96
       Chain mail        |       |       |    49 |    73 |       |       ||   122
       Plate armour      |       |       |       |    77 |   523 |   624 ||  1224
Dodge: Dodged            |    31 |    38 |    28 |    96 |   198 |   265 ||   656
Block: Buckler           |    27 |    16 |    18 |    63 |    68 |       ||   192
       Kite shield       |       |       |       |       |   293 |   500 ||   793
       Tower shield      |       |       |       |       |       |   282 ||   282

Table legend: (Time is in decaauts)
 A = Elapsed time spent in this place.
 B = Non-inter-level travel time spent in this place.
 C = Inter-level travel time spent in this place.
 D = Time resting spent in this place.
 E = Time spent auto-exploring this place.
 F = Levels seen in this place.
 G = Mean time per level.
                   A        B        C        D        E       F      G
               +--------+--------+--------+--------+--------+-----+--------+
         Total |  29610 |  27720 |   1890 |   2439 |  19341 |  40 |  740.2 |
       Dungeon |  13868 |  12836 |   1032 |    688 |   9854 |  15 |  924.5 |
        Temple |    227 |    175 |     52 |      0 |    169 |   1 |  227.0 |
          Lair |   5640 |   5241 |    399 |    141 |   4111 |   6 |  940.0 |
         Swamp |   3067 |   2922 |    145 |    822 |   1396 |   4 |  766.8 |
     Snake Pit |   2023 |   1892 |    131 |    284 |   1045 |   3 |  674.3 |
    Slime Pits |   1890 |   1838 |     52 |    323 |   1191 |   5 |  378.0 |
  Orcish Mines |   1560 |   1484 |     76 |     17 |   1074 |   2 |  780.0 |
       Ossuary |    206 |    206 |      0 |      0 |     99 |   1 |  206.0 |
        Bailey |    293 |    293 |      0 |     69 |    108 |   1 |  293.0 |
      Ice Cave |    435 |    435 |      0 |      0 |    221 |   1 |  435.0 |
       Volcano |    396 |    396 |      0 |     94 |     73 |   1 |  396.0 |
               +--------+--------+--------+--------+--------+-----+--------+

Top non-repeatable levels by time:
 Snake:2: 1355 daAuts
     D:1: 1332 daAuts
    D:12: 1304 daAuts
  Lair:4: 1209 daAuts
     D:2: 1191 daAuts
     D:4: 1187 daAuts
  Lair:2: 1159 daAuts
 Swamp:4: 1157 daAuts
  Lair:6: 1149 daAuts
    D:10: 1064 daAuts
    D:15: 1060 daAuts
   Orc:2: 938 daAuts
    D:13: 899 daAuts
    D:14: 846 daAuts
    D:11: 820 daAuts
